 Dungeon Crawl Stone Soup version 0.24-a0-278-gefa1973 (webtiles) character file.

Game seed: 343985050656990360

257 Gunnerkreig the Sneak (level 6, -1/39 HPs)
             Began as an Octopode Wizard on Apr 29, 2019.
             Was an Initiate of Vehumet.
             Killed from afar by Sigmund (8 damage)
             ... with a magic dart
             ... on level 3 of the Dungeon.
             The game lasted 00:07:48 (3779 turns).

Gunnerkreig the Sneak (Octopode Wizard)             Turns: 3779, Time: 00:07:48

Health: -1/39      AC:  1    Str:  6    XL:     6   Next: 16%
Magic:  11/11      EV: 13    Int: 22    God:    Vehumet [......]
Gold:   155        SH:  0    Dex: 11    Spells: 1/12 levels left

rFire    . . .     SeeInvis .   i - +0 trident
rCold    . . .     Gourm    .   (no shield)
rNeg     . . .     Faith    .   a - +0 hat
rPois    .         Spirit   .   (no amulet)
rElec    .         Reflect  .   (no ring)
rCorr    .         Harm     .   (no ring)
MR       .....                  (no ring)
Stlth    ++........             (no ring)
HPRegen  0.13/turn              (no ring)
MPRegen  0.12/turn              (no ring)
                                (no ring)
                                (no ring)

@: confused
A: almost no armour, stealthy swim, amphibious, 8 rings, constrict 8, camouflage
1, gelatinous body 1
a: Renounce Religion


You were on level 3 of the Dungeon.
You worshipped Vehumet.
Vehumet was noncommittal.
You were not hungry.

You visited 1 branch of the dungeon, and saw 3 of its levels.

You collected 155 gold pieces.

Inventory:

Hand Weapons
 i - a +0 trident (weapon)
Missiles
 g - 68 stones (quivered)
 j - 31 sling bullets
 l - 2 tomahawks
Armour
 a - a +0 hat (worn)
Scrolls
 b - a scroll of amnesia {unknown}
 d - a scroll of fear {unknown}
 e - 5 scrolls of teleportation
 f - a scroll of blinking {unknown}
 k - a scroll of identify
 m - a scroll of magic mapping {unknown}
Comestibles
 c - 9 rations


   Skills:
 - Level 2.0 Fighting
 - Level 2.0 Dodging
 + Level 4.7 Stealth
 + Level 3.9 Spellcasting
 * Level 3.8 Conjurations
 - Level 1.0 Summonings
 - Level 1.0 Translocations


You had one spell level left.
You knew the following spells:

 Your Spells              Type           Power        Failure   Level  Hunger
a - Magic Dart            Conj           ###.         2%          1    None
b - Conjure Flame         Conj/Fire      ##......     16%         3    ###....
c - Mephitic Cloud        Conj/Pois/Air  #.......     21%         3    ###....
d - Blink                 Tloc           N/A          12%         2    #......
e - Call Imp              Summ           #.......     12%         2    #......

Your spell library contained the following spells:

 Spells                   Type           Power        Failure   Level  Hunger
 Slow                     Hex            #.......     17%         2    #......


Dungeon Overview and Level Annotations

Branches:
Dungeon (3/15)

Altars:
Ashenzari
Makhleb
Qazlal
Sif Muna
Trog
Vehumet
Zin

Annotations:
D:3 Sigmund


Innate Abilities, Weirdness & Mutations

You cannot wear most types of armour.
You are very stealthy in the water. (Stealth+)
You are amphibious.
You can wear up to eight rings at the same time.
You can use your tentacles to constrict eight enemies at once.
Your skin changes colour to match your surroundings (Stealth+).
Your rubbery body absorbs attacks. (AC +1, EV +1)


Message History

You are confused.
Wield which item (- for none, * to show all)? (? for menu, Esc to quit)
Okay, then.
You are more confused.
You feel invigorated.
Sigmund laughs darkly.
Sigmund hits you from afar with a +0 scythe.
Sigmund misses you.
You feel less invigorated.
Sigmund gestures wildly while chanting.
Sigmund flickers and vanishes!
Deactivating autopickup; reactivate with Ctrl-A.
Something hits you! Something hits you!
* * * LOW HITPOINT WARNING * * *
Something hits you.
* * * LOW HITPOINT WARNING * * *
A magic dart appears from out of thin air!
The magic dart hits you!
You die...

b.. ♣..♣ #.### .... ♣..♣ #.#..
.........## ♣..♣ ##....
..........## ♣..♣ ##.....
.......##..## ♣..♣ ##......
............## ♣..♣ ##.......
..........#..## ♣..♣ ##.)###...
..........+...####''####[..##.###
..........##).{.@.....#.....#...#
.............##.............#.#..
......#......##.............#.#.#
......#......##.............#.#..
......#......###+##..##.....#.#..
......#......###. ##........#.#..
......#@.........##.........#.'..
.............................##..
.............................##..


There were no monsters in sight!

Vanquished Creatures
  A howler monkey (D:3)
  An orc wizard (D:3)
  Terence (D:2)
  Jessica (D:3)
  Robin (D:2)
  2 adders
  A shadow imp (D:2)
  A worm (D:2)
  3 dart slugs
  A leopard gecko (D:3)
  9 orcs (D:3)
  8 bats
  A giant cockroach (D:2)
  22 goblins
  2 hobgoblins
  8 jackals
  6 kobolds
  5 frilled lizards
  5 rats
79 creatures vanquished.

Notes
Turn   | Place    | Note
-------+----------+-------------------------------------------
     0 | D:1      | Gunnerkreig the Octopode Wizard began the quest for the
                  | Orb.
     0 | D:1      | Reached XP level 1. HP: 11/11 MP: 4/4
   479 | D:1      | Reached skill level 3 in Stealth
   479 | D:1      | Reached XP level 2. HP: 18/18 MP: 1/6
  1298 | D:2      | Reached XP level 3. HP: 15/22 MP: 3/7
  1305 | D:2      | Reached skill level 1 in Fighting
  1714 | D:2      | Noticed Robin
  1731 | D:2      | Reached XP level 4. HP: 19/28 MP: 2/9
  1933 | D:2      | Learned a level 3 spell: Conjure Flame
  1937 | D:2      | Learned a level 3 spell: Mephitic Cloud
  2004 | D:2      | Noticed Terence
  2030 | D:2      | Killed Terence
  2174 | D:2      | Found a faded altar of an unknown god.
  2217 | D:2      | Killed Robin
  2492 | D:2      | Reached skill level 4 in Stealth
  2536 | D:2      | Found a deep blue altar of Sif Muna.
  2607 | D:2      | Found a glowing silver altar of Zin.
  2608 | D:2      | Reached XP level 5. HP: 34/34 MP: 8/10
  2794 | D:3      | Found a shattered altar of Ashenzari.
  3036 | D:3      | Noticed Jessica
  3045 | D:3      | Killed Jessica
  3520 | D:3      | Found a bloodstained altar of Trog.
  3598 | D:3      | Found a radiant altar of Vehumet.
  3601 | D:3      | Found a burning altar of Makhleb.
  3604 | D:3      | Found a stormy altar of Qazlal.
  3615 | D:3      | Learned a level 2 spell: Blink
  3618 | D:3      | Learned a level 2 spell: Call Imp
  3618 | D:3      | Became a worshipper of Vehumet
  3724 | D:3      | Reached XP level 6. HP: 35/39 MP: 7/11
  3733 | D:3      | Noticed Sigmund
  3779 | D:3      | Killed from afar by Sigmund

Levels and vault maps discovered:
D:1:      sevenhm_arrival_forest_fort_small_5, layout_basic,
          chequers_hall_statues_y
D:2:      layout_rooms, chequers_temple_overflow_statue_of_worship,
          chequers_ecumenical_altar_simple_redux, chequers_decorated_corner,
          uniq_robin, uniq_terence
D:3:      kennysheep_big_flooded_room, layout_basic, lightli_temple_of_fire,
          ashenzari_conservatory_becter, grunt_temple_overflow_diamond,
          first_ration, uniq_sigmund, uniq_jessica

Skill      XL: |  1  2  3  4  5 |
---------------+----------------+-----
Stealth        | 3 4 |  4.7
Fighting       | 1 2 |  2.0
Conjurations   | 2 3 |  3.8
Dodging        | |  2.0
Spellcasting   | |  3.9
Summonings     | |  1.0
Translocations | |  1.0

Action                   |  1- 3 |  4- 6 || total
-------------------------+-------+-------++-------
Melee: Unarmed           |     9 |       ||     9
       Constrict         |    11 |    13 ||    24
       Short sword       |    34 |    26 ||    60
       Dagger            |     1 |       ||     1
       Tentacles         |     1 |    13 ||    14
       Trident           |       |    39 ||    39
 Cast: Magic Dart        |    63 |    80 ||   143
       Conjure Flame     |       |     3 ||     3
       Mephitic Cloud    |       |     2 ||     2
  Use: Potion            |       |     4 ||     4
       Scroll            |       |     2 ||     2
 Stab: Sleeping          |     1 |     2 ||     3
       Confused          |       |     3 ||     3
  Eat: Chunk             |     2 |     7 ||     9
Armor: Skin              |     2 |     5 ||     7
Dodge: Dodged            |    42 |    37 ||    79

Table legend:
 A = Non-vault XP
 B = Vault XP
 C = Vault XP percentage of total XP
 D = Non-vault monster count
 E = Vault monster count
 F = Vault count percentage of total count
                 A         B        C        D         E       F
            +---------+---------+-------+---------+---------+-------
      Total |     256 |     112 |  30.4 |      64 |      15 |  19.0
            +---------+---------+-------+---------+---------+-------
        D:1 |      30 |       0 |   0.0 |      17 |       0 |   0.0
        D:2 |      68 |      72 |  51.4 |      22 |      12 |  35.3
        D:3 |     158 |      40 |  20.2 |      25 |       3 |  10.7
            +---------+---------+-------+---------+---------+-------
